 Dungeon Crawl Stone Soup version 0.32-a0-30-gefbe487952 (webtiles) character file.

Game seed: 1550115612497784756

145 Sweetruy1997 the Shooter (level 5, -3/30 HPs)
             Began as a Kobold Hexslinger on Jan 19, 2024.
             Slain by Blork the orc
             ... wielding a +2 trident of flaming
              (5 damage)
             ... on level 4 of the Dungeon.
             The game lasted 00:13:43 (3683 turns).

Sweetruy1997 the Shooter (Kobold Hexslinger)        Turns: 3683, Time: 00:13:44

Health: -3/30      AC:  4    Str:  8    XL:     5   Next: 53%
Magic:  2/8        EV: 15    Int: 17    God:
Gold:   57         SH:  0    Dex: 17    Spells: 1/8 levels left

rFire   . . .        e - +2 dagger (venom)
rCold   . . .        (no shield)
rNeg    . . .        c - +0 robe
rPois   .            n - +0 helmet {Int+3}
rElec   .            i - +0 cloak
rCorr   .            (no gloves)
SInv    .            (no boots)
Will    .....        (no amulet)
Stlth   +++          (no ring)
HPRegen 0.25/turn    (no ring)
MPRegen 0.11/turn

%: no passive effects
@: weak-willed, jinxed, very slightly contaminated
A: small, no large weapons, nightstalker 3
a: no special abilities


You were on level 4 of the Dungeon.
You visited 1 branch of the dungeon, and saw 4 of its levels.

You collected 302 gold pieces.
You spent 245 gold pieces at shops.

Inventory:

Hand Weapons
 a - a +1 sling
 e - a +2 dagger of venom (weapon)
Armour
 c - a +0 robe (worn)
 i - a +0 cloak (worn)
 n - a +0 helmet of intelligence (worn)
Wands
 g - a wand of flame (13)
Scrolls
 b - a scroll of poison
 d - 2 scrolls of identify {unknown}
 f - a scroll of immolation
 k - a scroll of fear {unknown}
 q - 3 scrolls of teleportation {unknown}
 r - a scroll of enchant armour {unknown}
Potions
 h - 2 potions of curing
 j - a potion of cancellation {unknown}
 l - 2 potions of enlightenment {unknown}
 m - a potion of invisibility {unknown}
 o - a potion of heal wounds {unknown}
 p - a potion of might


   Skills:
 + Level 2.1 Fighting
 + Level 0.3 Short Blades
 + Level 4.3 Ranged Weapons
 + Level 2.5 Dodging
 + Level 0.8 Stealth
 + Level 2.4 Spellcasting
 + Level 4.0 Hexes
 + Level 1.0 Fire Magic


You had one spell level left.
You knew the following spells:

 Your Spells              Type           Power      Damage    Failure   Level
a - Jinxbite              Hex            30%        N/A       5%          2
b - Scorch                Fire           10%        2d5       19%         2
c - Sigil of Binding      Hex            15%        N/A       11%         3

Your spell library contained the following spells:

 Spells                   Type           Power      Damage    Failure   Level
 Inner Flame              Hex/Fire       10%        N/A       21%         3
 Dazzling Flash           Conj/Hex       16%        N/A       24%         3
 Static Discharge         Conj/Air       4%         3-4/arc   28%         2
 Cause Fear               Hex            7%         N/A       34%         4
 Volatile Blastmotes      Fire/Tloc      6%         2d10      41%         3
 Dimensional Bullseye     Hex/Tloc       4%         N/A       63%         4
 Flame Wave               Conj/Fire      3%         2d5       83%         4
 Airstrike                Air            1%         2d(1-17)  88%         4
 Summon Lightning Spire   Summ/Air       2%         N/A       88%         4
 Starburst                Conj/Fire      1%         6d3       100%        6
 Summon Cactus Giant      Summ           1%         N/A       100%        6
 Maxwell's Capacitive Co  Air            1%         ∞         100%        8


Dungeon Overview and Level Annotations

Branches:
Dungeon (4/15)             Temple (0/1) D:4

Altars:
Wu Jian

Shops:
D:1 ![([   D:3 (![[

Annotations:
D:4 Blork the orc


Innate Abilities, Weirdness & Mutations

You are small and have problems with some larger weapons.
You are completely attuned to the shadows.


Message History

You miscast Scorch.
You are very lightly contaminated with residual magic.
Nothing appears to happen.
Blork the orc completely misses you.
Casting: Scorch (safe; 19% risk of failure)
Confirm with . or Enter, or press ? or * to list all spells.
Flames lash Blork the orc.
Blork the orc is lightly wounded.
Blork the orc's fire resistance burns away.
A hound comes into view.
Blork the orc closely misses you.
There is a stone staircase leading up here.
Casting: Scorch (safe; 19% risk of failure)
Confirm with . or Enter, or press ? or * to list all spells.
You don't know that spell.
Casting: Scorch (safe; 19% risk of failure)
Confirm with . or Enter, or press ? or * to list all spells.
You beckon some vexing sprites to accompany your attacks.
You feel your willpower being sapped.
Blork the orc points at you and mumbles some strange words.
The magic dart hits you but does no damage.
You hit the hound.
The hound is poisoned.
The hound is lightly wounded.
A giggling sprite leaps out and makes the hound trip over its own paws.
The hound is moderately wounded.
Blork the orc is no longer more vulnerable to fire.
The hound misses you.
Blork the orc screams, "I'll rip your head off!"
Blork the orc barely misses you.
You barely miss the hound.
The hound is moderately wounded.
The hound barely misses you.
Blork the orc hits you from afar with a +2 trident of flaming!
Blork the orc burns you. The hound closely misses you.
You hit the hound.
The hound looks as sick as possible!
The hound is heavily wounded.
The hound bites you.
Blork the orc hits you from afar with a +2 trident of flaming!
* * * LOW HITPOINT WARNING * * *
Blork the orc burns you.
You die...

#.........###...##..
.....###.
#.........#...#....#
.......#.
#).....>......#....#
.....#.#.
#####..###..#......#
.#.......
#.###..####.....
......... #.#
#.#####.....
.........
#.###.#.........
.......
##.#...#.........
......
##..#.###..@.....#
#..##.# #..h.....#
#.###.# #..o...###
###†#...#.......##
#.....#####......#
#..#..## #......#
.....## ..####


You could see Blork the orc and a hound (extremely poisoned, very drained).

Vanquished Creatures
  Ijyb (D:3)
  3 gnolls (D:4)
  2 adders
  An ufetubus (D:4)
  3 dart slugs (D:4)
  An orc (D:3)
  6 ball pythons
  5 endoplasms (D:1)
  7 goblins
  7 hobgoblins
  5 jackals (D:4)
  A quokka (D:2)
  4 bats
  2 frilled lizards
  8 kobolds
  5 rats
61 creatures vanquished.

Notes
Turn   | Place    | Note
-------+----------+-------------------------------------------
     0 | D:1      | Sweetruy1997 the Kobold Hexslinger began the quest for the
                  | Orb.
     0 | D:1      | Reached XP level 1. HP: 12/12 MP: 2/2
   243 | D:1      | Reached XP level 2. HP: 16/16 MP: 3/3
   310 | D:1      | Found Septy's Distillery.
   326 | D:1      | Found Xiraolye's Antique Armour Shoppe.
   364 | D:1      | Found a faded altar of an unknown god.
   414 | D:1      | Found Evotiz's Weapon Shoppe.
   454 | D:1      | Found Coboaph's Armour Boutique.
   628 | D:1      | Reached XP level 3. HP: 7/20 MP: 5/5
   755 | D:1      | Learned a level 2 spell: Jinxbite
   758 | D:1      | Learned a level 2 spell: Scorch
  2434 | D:3      | Found Otiogomy's Antique Armour Shoppe.
  2541 | D:3      | Found an ornate altar of the Wu Jian Council.
  2616 | D:3      | Reached XP level 4. HP: 24/25 MP: 2/6
  2691 | D:3      | Noticed Ijyb
  2705 | D:3      | Killed Ijyb
  2789 | D:3      | Found Maloefus's Weapon Shoppe.
  2835 | D:3      | Bought a glowing helmet for 165 gold pieces
  2913 | D:3      | Found Vavufe's Armour Boutique.
  3053 | D:3      | Found Ydic's Distillery.
  3058 | D:3      | Bought a potion of curing for 30 gold pieces
  3058 | D:3      | Bought a potion of degeneration for 10 gold pieces
  3058 | D:3      | Bought a potion of might for 40 gold pieces
  3080 | D:3      | Learned a level 3 spell: Sigil of Binding
  3375 | D:4      | Found a staircase to the Ecumenical Temple.
  3519 | D:4      | Reached XP level 5. HP: 26/30 MP: 5/8
  3674 | D:4      | Noticed Blork the orc
  3683 | D:4      | Slain by Blork the orc

Illustrated notes

Levels and vault maps discovered:
D:1:      shiori_angband_town, layout_basic, serial_shops, shop,
          nicolae_shop_hallway_stairs, shop, shop,
          hellmonk_ecumenical_altar_blasted,
          wander_ebering_terrifying_dragon_lair
D:2:      layout_loops_ring, nicolae_concentric_dashed_squares_mild,
          kennysheep_generic_room_4
D:3:      layout_basic, amcnicky_altar_gilded, serial_shops,
          nicolae_shop_tiny_real_fake_doors, nicolae_shop_rolling_square,
          nicolae_lakefront_shop, shop, kennysheep_doodads, uniq_ijyb
D:4:      layout_rooms, mainiacjoe_overflow_catch_the_wave,
          minmay_temple_entry_wispy, serial_demonic, serial_demonic_c,
          serial_demonic_c, serial_demonic_d, serial_demonic_e,
          serial_demonic_c, kennysheep_generic_room_10, uniq_blork_the_orc

Skill      XL: |  1  2  3  4  5 |
---------------+----------------+-----
Ranged Weapons | 3 4 |  4.3
Spellcasting   | 2 |  2.4
Hexes          | 4 |  4.0
Fighting       | 2 |  2.1
Short Blades   | |  0.3
Dodging        | |  2.5
Stealth        | |  0.8
Fire Magic     | |  1.0

Action                     |  1- 3 |  4- 6 || total
---------------------------+-------+-------++-------
  Melee: Dagger            |    10 |    16 ||    26
   Fire: Sling             |    77 |    37 ||   114
   Cast: Jinxbite          |    21 |    12 ||    33
         Scorch            |       |     1 ||     1
    Use: Potion            |       |     1 ||     1
 Armour: Robe              |    12 |    24 ||    36
  Dodge: Dodged            |    27 |    32 ||    59

Table legend: (Time is in decaauts)
 A = Elapsed time spent in this place.
 B = Non-inter-level travel time spent in this place.
 C = Inter-level travel time spent in this place.
 D = Time resting spent in this place.
 E = Time spent auto-exploring this place.
 F = Levels seen in this place.
 G = Mean time per level.
                   A        B        C        D        E       F      G
               +--------+--------+--------+--------+--------+-----+--------+
         Total |   3701 |   3537 |    164 |    147 |   2992 |   4 |  925.2 |
       Dungeon |   3701 |   3537 |    164 |    147 |   2992 |   4 |  925.2 |
               +--------+--------+--------+--------+--------+-----+--------+

Top non-repeatable levels by time:
     D:1: 1204 daAuts
     D:3: 1179 daAuts
     D:2: 983 daAuts
     D:4: 334 daAuts
